 Dungeon Crawl Stone Soup version 0.28-a0-622-gbaef9634d7 (webtiles) character file.

Game seed: 7483439863559959576

369 ytrimaz the Chopper (level 6, -4/82 HPs)
             Began as a Draconian Berserker on Oct 7, 2021.
             Was a Believer of Trog.
             Slain by an iguana (7 damage)
             ... on level 4 of the Dungeon.
             The game lasted 00:04:54 (3545 turns).

ytrimaz the Chopper (Draconian Berserker)           Turns: 3545, Time: 00:04:55

Health: -4/82      AC: 23    Str: 21    XL:     6   Next: 41%
Magic:  6/6        EV:  2    Int:  7    God:    Trog [**....]
Gold:   152        SH:  0    Dex: 11    Spells: 5/5 levels left

rFire   + . .      SeeInvis .   a - +1 hand axe
rCold   + . .      Faith    .   (no shield)
rNeg    . . .      Spirit   .   (armour unavailable)
rPois   +          Reflect  .   (helmet currently unavailable)
rElec   +          Harm     .   (cloak currently unavailable)
rCorr   +          Rampage  .   (gloves currently unavailable)
Will    .....      NoTele   +   (boots currently unavailable)
Stlth   +.........              (no amulet)
HPRegen 0.23/turn               (no ring)
MPRegen 0.10/turn               (no ring)

@: brilliant, tree-form, resistant
A: stationary, stasis, torment immunity, boosted hp, AC +6, unfitting armour,
(cold-blooded)
a: Renounce Religion, Berserk, Trog's Hand


You were on level 4 of the Dungeon.
You worshipped Trog.
Trog was pleased with you.
You were a tree.
You visited 1 branch of the dungeon, and saw 4 of its levels.

You collected 152 gold pieces.

Inventory:

Hand Weapons
 a - a +1 hand axe (weapon)
Armour
 b - a +2 hat (melded)
Scrolls
 e - a scroll of vulnerability
 i - 4 scrolls of identify
 l - a scroll of blinking {unknown}
Potions
 h - a potion of flight
 k - 2 potions of curing {unknown}
 m - a potion of might {unknown}


   Skills:
 + Level 4.9 Fighting
 + Level 5.1 Axes
 + Level 4.2 Dodging
 + Level 1.0 Stealth


You had 5 spell levels left.
You didn't know any spells.
Your spell library was empty.

Dungeon Overview and Level Annotations

Branches:
Dungeon (4/15)
 Temple: D:4-7

Altars:
Xom

Shops:
D:1 !


Innate Abilities, Weirdness & Mutations

You are a tree.
Your roots penetrate the ground, keeping you stationary.
You cannot be teleported.
You are immune to unholy pain and torment.
Your maximum health is greatly increased.
Your equipment is partially melded.
((Your plain brown scales are hard. (AC +6)))
You cannot fit into any form of body armour.
((You are cold-blooded and may be slowed by cold attacks.))


Message History

You hit the iguana.
The iguana is lightly wounded.
The iguana barely misses you.
You barely miss the iguana.
You tail-slap the iguana, but do no damage.
The iguana is lightly wounded.
The iguana bites you!
You hit the iguana.
The iguana is moderately wounded.
The iguana barely misses you.
You hit the iguana. You tail-slap the iguana.
The iguana is heavily wounded.
The iguana bites you!
You barely miss the iguana.
You tail-slap the iguana, but do no damage.
The iguana is heavily wounded.
The iguana bites you!
You barely miss the iguana.
The iguana is heavily wounded.
The iguana barely misses you.
You barely miss the iguana.
The iguana is heavily wounded.
The iguana bites you!
* * * LOW HITPOINT WARNING * * *
You hit the iguana.
The iguana is severely wounded.
The iguana bites you.
* * * LOW HITPOINT WARNING * * *
It was a potion of brilliance.
You feel clever all of a sudden. The iguana bites you!
* * * LOW HITPOINT WARNING * * *
It was a potion of lignification.
You turn into a tree.
Your +2 hat melds into your body.
Your roots penetrate the ground.
The iguana bites you but does no damage.
It was a potion of resistance.
You feel protected. The iguana barely misses you.
It was a potion of flight.
Your roots keep you in place.
The iguana bites you!
You die...

.#####............#
.# #............+
.# #............#
.# #...)........#
.# #............#
.# #.)..........#
.+ #............#
.# #............###
.. ##########.♣[..#
#.<.# #.l...# #...+
#.....+ #...#
#.....# #...#
#.....# #...#
#.....# ##..#
#.....# #..#
......# #...


You could see an iguana.

Vanquished Creatures
  A scorpion (D:4)
  A howler monkey (D:3)
  3 orc priests
  3 orc wizards
  3 adders
  2 dart slugs
  13 orcs
  4 ball pythons
  8 endoplasms
  3 giant cockroaches
  6 goblins
  8 hobgoblins
  3 jackals (D:3)
  4 kobolds
  7 bats
  2 rats
  A butterfly (D:3)
72 creatures vanquished.

Vanquished Creatures (others)
  9 plants (D:3)
9 creatures vanquished.

Grand Total: 81 creatures vanquished

Notes
Turn   | Place    | Note
-------+----------+-------------------------------------------
     0 | D:1      | ytrimaz the Draconian Berserker began the quest for the
                  | Orb.
     0 | D:1      | Reached XP level 1. HP: 19/19 MP: 1/1
    36 | D:1      | Found a faded altar of an unknown god.
   207 | D:1      | Reached XP level 2. HP: 26/26 MP: 2/2
   472 | D:1      | Found Huzooxzu's Distillery.
  1202 | D:2      | Reached XP level 3. HP: 33/33 MP: 3/3
  1202 | D:2      | Reached ** piety under Trog
  1204 | D:2      | Reached XP level 4. HP: 40/40 MP: 4/4
  1509 | D:2      | Reached skill level 4 in Axes
  2378 | D:3      | Reached XP level 5. HP: 47/47 MP: 5/5
  2692 | D:3      | Found a shimmering altar of Xom.
  3048 | D:4      | Reached skill level 5 in Axes
  3048 | D:4      | Reached XP level 6. HP: 49/55 MP: 6/6
  3059 | D:4      | Reached skill level 1 in Stealth
  3542 | D:4      | HP: 1/55 [iguana (12)]
  3545 | D:4      | Slain by an iguana

Illustrated notes

Levels and vault maps discovered:
D:1:      dpeg_arrival_radiant, layout_basic, basic_ecumenical_altar,
          serial_shops, shop, st_stairs_10, minmay_parallelograms,
          minmay_fountain_box, chequers_serial_rivers_micro_d,
          minmay_misc_feat_encased
D:2:      cheibrodos_pilgrimage, layout_basic, roderic_lattice_a
D:3:      layout_rooms, xom_butterflies, grunt_decor_one_mirror,
          grunt_decor_fettered, serial_bayou_crossing
D:4:      layout_gridville, marbit_many_paths

Skill      XL: |  1  2  3  4  5  6 |
---------------+-------------------+-----
Dodging        | 3 4 |  4.2
Fighting       | 4 |  4.9
Axes           | 4 5 |  5.1
Stealth        | 1 |  1.0

Action                   |  1- 3 |  4- 6 || total
-------------------------+-------+-------++-------
Melee: Hand axe          |    61 |   169 ||   230
       Tailslap          |     7 |    21 ||    28
Invok: Berserk           |     1 |     2 ||     3
  Use: Scroll            |       |     3 ||     3
       Potion            |       |     4 ||     4
Armor: Skin              |    34 |    84 ||   118
Dodge: Dodged            |    57 |   156 ||   213

Table legend: (Time is in decaauts)
 A = Elapsed time spent in this place.
 B = Non-inter-level travel time spent in this place.
 C = Inter-level travel time spent in this place.
 D = Time resting spent in this place.
 E = Time spent auto-exploring this place.
 F = Levels seen in this place.
 G = Mean time per level.
                   A        B        C        D        E       F      G
               +--------+--------+--------+--------+--------+-----+--------+
         Total |   3600 |   3545 |     55 |      0 |   2765 |   4 |  900.0 |
       Dungeon |   3600 |   3545 |     55 |      0 |   2765 |   4 |  900.0 |
               +--------+--------+--------+--------+--------+-----+--------+

Top non-repeatable levels by time:
     D:1: 1209 daAuts
     D:2: 1070 daAuts
     D:3: 777 daAuts
     D:4: 542 daAuts
